 Dungeon Crawl Stone Soup version 0.29-a0-393-g47a863cc1b (webtiles) character file.

Game seed: 7732165662483524230

264 trckry the Caller (level 6, -3/53 HPs)
             Began as an Ogre Summoner on May 10, 2022.
             Slain by a killer bee (5 damage)
             ... on level 4 of the Dungeon.
             The game lasted 00:10:45 (3330 turns).

trckry the Caller (Ogre Summoner)                   Turns: 3330, Time: 00:10:46

Health: -3/53      AC:  3    Str: 11 (13) XL:     6   Next: 19%
Magic:  1/12       EV:  9    Int: 17 (18) God:
Gold:   139        SH:  0    Dex:  6 (9)  Spells: 7/13 levels left

rFire   . . .      SeeInvis .   a - +0 dagger (venom)
rCold   . . .      Faith    .   (no shield)
rNeg    . . .      Spirit   .   l - +0 robe
rPois   .          Reflect  .   (helmet restricted)
rElec   .          Harm     .   k - scarf {repulsion}
rCorr   .          Rampage  .   (gloves unavailable)
Will    .....                   (boots unavailable)
Stlth   +.........              (no amulet)
HPRegen 0.17/turn               (no ring)
MPRegen 0.13/turn               (no ring)

@: mighty, lethally poisoned (-3 -> -21), repel missiles
A: large, unfitting armour, tough skin 1
a: no special abilities


You were on level 4 of the Dungeon.
You visited 1 branch of the dungeon, and saw 4 of its levels.

You collected 139 gold pieces.

Inventory:

Hand Weapons
 a - a +0 dagger of venom (weapon)
Missiles
 h - 6 javelins
 o - 6 poisoned darts (quivered)
Armour
 k - a scarf of repulsion (worn)
 l - a +0 robe (worn)
Magical Staves
 q - a staff of poison
Scrolls
 d - a scroll of identify {unknown}
 f - a scroll of brand weapon {unknown}
 j - a scroll of teleportation {unknown}
 m - a scroll of acquirement {unknown}
 n - a scroll of blinking {unknown}
 p - a scroll of amnesia {unknown}
Potions
 b - a potion of magic
 c - a potion of invisibility {unknown}
 i - a potion of might


   Skills:
 - Level 2.0 Dodging
 - Level 2.0 Stealth
 + Level 4.3 Spellcasting
 * Level 5.5 Summonings


You had 7 spell levels left.
You knew the following spells:

 Your Spells              Type           Power      Damage    Failure   Level
a - Summon Small Mammal   Summ           88%        N/A       1%          1
b - Call Imp              Summ           22%        N/A       2%          2
c - Call Canine Familiar  Summ           22%        N/A       4%          3

Your spell library contained the following spells:

 Spells                   Type           Power      Damage    Failure   Level
 Summon Guardian Golem    Hex/Summ       13%        N/A       14%         3
 Blink                    Tloc           6%         N/A       24%         2
 Summon Lightning Spire   Summ/Air       13%        N/A       43%         4
 Manifold Assault         Tloc           3%         N/A       99%         5
 Storm Form               Tmut/Air       1%         N/A       100%        7


Dungeon Overview and Level Annotations

Branches:
Dungeon (3/15)

Altars:
Ashenzari
Ru


Innate Abilities, Weirdness & Mutations

You are too large for most types of armour.
You have tough skin. (AC +1)


Message History

You miss the killer bee.
The killer bee is heavily wounded.
You feel very sick. The killer bee stings you.
You are lethally poisoned!
The killer bee poisons you!
Your hound completely misses the killer bee.
Your hound closely misses the killer bee.
The killer bee stings you.
* * * LOW HITPOINT WARNING * * *
You take 10 damage, and have 15/53 hp.
You closely miss the killer bee.
The killer bee is severely wounded.
* * * LOW HITPOINT WARNING * * *
You feel very sick. The killer bee stings your hound.
Your hound is poisoned.
The killer bee poisons your hound!
Your hound bites the killer bee.
The killer bee dies!
You take 4 damage, and have 11/53 hp.
It was a potion of might.
You feel very mighty all of a sudden.
* * * LOW HITPOINT WARNING * * *
You feel very sick.
Your hound misses the killer bee. The killer bee stings you.
* * * LOW HITPOINT WARNING * * *
The killer bee barely misses you.
Your hound barely misses the killer bee.
You take 5 damage, and have 6/53 hp.
It was a potion of degeneration.
There was something very wrong with that liquid.
You feel weakened.
You feel dopey.
You feel clumsy.
* * * LOW HITPOINT WARNING * * *
You feel very sick. The killer bee stings you.
* * * LOW HITPOINT WARNING * * *
You are more poisoned.
The killer bee poisons you!
Your hound bites the killer bee.
The killer bee stings you.
You die...

############### #############
#..........#..###...#..#..#:#
##########......###...##.##.#
#.#y.....###.)..#..#
#ยง#y#......###....##
#y#y###......###...#
#y#h@.###......###.#
#y###...###......#h#
#y#.###...###......#
#.#...##..##......##
#.###....##......##
#.#.##..##......##
#y#....##......##
#y##..##......##
#.#..##......##


You could see 3 killer bees and a friendly hound (summoned, very poisoned).

Vanquished Creatures
  A jelly (D:2)
  Natasha (D:2)
  An adder (D:4)
  A worm (D:4)
  2 dart slugs
  An orc (D:3)
  5 ball pythons
  3 bats
  6 endoplasms
  2 giant cockroaches
  2 goblins
  3 hobgoblins
  3 kobolds
  4 quokkas
  3 frilled lizards
  2 rats
40 creatures vanquished.

Vanquished Creatures (collateral kills)
  A wight (D:4)
  2 killer bees (D:4)
  An adder (D:3)
  2 goblins (D:2)
  A quokka (D:2)
7 creatures vanquished.

Grand Total: 47 creatures vanquished

Notes
Turn   | Place    | Note
-------+----------+-------------------------------------------
     0 | D:1      | trckry the Ogre Summoner began the quest for the Orb.
     0 | D:1      | Reached XP level 1. HP: 16/16 MP: 3/3
   419 | D:1      | Reached XP level 2. HP: 24/24 MP: 5/5
   422 | D:1      | Learned a level 2 spell: Call Imp
  1004 | D:2      | Found a faded altar of an unknown god.
  1007 | D:2      | Found the ring of the Mage {Wiz Archmagi}
  1420 | D:2      | Reached skill level 4 in Summonings
  1420 | D:2      | Reached XP level 3. HP: 27/31 MP: 7/7
  1424 | D:2      | Learned a level 3 spell: Call Canine Familiar
  1657 | D:2      | Reached XP level 4. HP: 39/39 MP: 2/8
  1820 | D:2      | Noticed Natasha
  1833 | D:2      | Killed Natasha
  2594 | D:3      | Found a sacrificial altar of Ru.
  2598 | D:3      | Found a broken altar of Ashenzari.
  2598 | D:3      | You fall into a shaft and drop 1 floor!
  2624 | D:4      | Reached XP level 5. HP: 14/45 MP: 10/10
  2996 | D:4      | Reached skill level 5 in Summonings
  3324 | D:4      | Reached XP level 6. HP: 22/53 MP: 0/12
  3329 | D:4      | HP: 7/53 [poisoned by a killer bee]
  3330 | D:4      | HP: 3/53 [poisoned by a killer bee]
  3330 | D:4      | Slain by a killer bee

Illustrated notes

Levels and vault maps discovered:
D:1:      minmay_arrival_glassed_features, layout_loops_ring
D:2:      layout_basic, basic_ecumenical_altar, due_unseen_surprise,
          uniq_natasha
D:3:      layout_basic, nicolae_ru_path_of_blood, mainiacjoe_overflow_brackets,
          minmay_unequal
D:4:      minmay_razor_zed, layout_basic, lemuel_coloured_pillars_altar,
          nicolae_overflow_crystal_walls

Skill      XL: |  1  2  3  4  5 |
---------------+----------------+-----
Dodging        | 2 |  2.0
Summonings     | 4 5 |  5.5
Stealth        | 2 |  2.0
Spellcasting   | 3 4 |  4.3

Action                   |  1- 3 |  4- 6 || total
-------------------------+-------+-------++-------
Melee: Mace              |    74 |     1 ||    75
       Dagger            |       |    66 ||    66
       Punch             |       |     1 ||     1
 Cast: Summon Small Mamm |     5 |     1 ||     6
       Call Imp          |     5 |     4 ||     9
       Call Canine Famil |       |     8 ||     8
  Use: Potion            |       |     4 ||     4
 Stab: Sleeping          |     4 |     4 ||     8
       Distracted        |       |     1 ||     1
Armor: Robe              |    31 |    13 ||    44
Dodge: Dodged            |    47 |    38 ||    85
       Repelled          |       |     1 ||     1

Table legend: (Time is in decaauts)
 A = Elapsed time spent in this place.
 B = Non-inter-level travel time spent in this place.
 C = Inter-level travel time spent in this place.
 D = Time resting spent in this place.
 E = Time spent auto-exploring this place.
 F = Levels seen in this place.
 G = Mean time per level.
                   A        B        C        D        E       F      G
               +--------+--------+--------+--------+--------+-----+--------+
         Total |   3359 |   3300 |     59 |    394 |   2146 |   4 |  839.8 |
       Dungeon |   3359 |   3300 |     59 |    394 |   2146 |   4 |  839.8 |
               +--------+--------+--------+--------+--------+-----+--------+

Top non-repeatable levels by time:
     D:1: 1216 daAuts
     D:2: 1212 daAuts
     D:4: 731 daAuts
     D:3: 198 daAuts
